 Dungeon Crawl Stone Soup version 0.18-a0-1747-g18c4181 (webtiles) character file.

322276 Lindis the Severer (level 20, -18/162 HPs)
             Began as a Demonspawn Fighter on Apr 6, 2016.
             Was the Champion of Pakellas.
             Demolished by a golden dragon (38 damage)
             ... on level 4 of the Vaults on Apr 12, 2016.
             The game lasted 03:22:47 (35446 turns).

Lindis the Severer (Demonspawn Fighter)            Turns: 35446, Time: 03:22:49

Health: -18/162    AC: 40    Str: 28    XL:     20   Next: 66%
Magic:  39/39      EV:  5    Int: 18    God:    Pakellas [******]
Gold:   4253       SH: 23    Dex: 12    Spells: 2 memorised, 17 levels left

rFire  + + +     SeeInvis +     b - +0 broad axe (elec)
rCold  + + .     Gourm    .     J - +9 armour of the Dragon King {rPois rF+ rC+ MR+}
rNeg   . . .     Faith    .     H - +3 shield {reflect}
rPois  +         Spirit   .     Y - +2 hat
rElec  .         Dismiss  .     K - +0 cloak
rCorr  .         Reflect  +     O - +2 pair of gloves {archery}
SustAt +         Harm     .     (boots unavailable)
MR     +++..                    X - +6 amulet of reflection
Stlth  ..........               d - ring of Qoyzxy {*Contam MR+ MP+9 Str+3 Slay+5}
                                C - ring "Roluos" {SustAt Int+5 SInv}

@: about to teleport, extremely resistant to hostile enchantments, extremely
unstealthy
A: claws 2, hooves 3, icy blue scales 3, blurry vision 1, demonic guardian 3,
fire resistance 2, hurl damnation, mutation resistance 1, sense surroundings 1,
powered by death 2, screaming 1, shaggy fur 1, strong 1, flame cloud immunity
a: Damnation, Quick Charge, Device Surge, Renounce Religion
}: 2/15 runes: decaying, gossamer


You were on level 4 of the Vaults.
You worshipped Pakellas.
Pakellas was exalted by your worship.
You were not hungry.

You visited 7 branches of the dungeon, and saw 39 of its levels.
You also visited: Labyrinth, Sewer and Ice Cave.

You collected 6117 gold pieces.
You spent 1864 gold pieces at shops.

Inventory:

Hand Weapons
 b - a +0 broad axe of electrocution (weapon)
 U - a +5 war axe of flaming
Armour
 H - a +3 shield of reflection (worn)
 J - the +9 armour of the Dragon King (worn) {rPois rF+ rC+ MR+}
   (You found it in a labyrinth)

   It protects you from fire.
   It protects you from cold.
   It protects you from poison.
   It affects your resistance to hostile enchantments.
 K - a +0 cloak (worn)
 O - a +2 pair of gloves of archery (worn)
 Y - a +2 hat (worn)
Rods
 a - a +10 iron rod (15/18)
   (You bought it in a shop on level 12 of the Dungeon)
 u - a +9 lightning rod (17/17)
   (Pakellas gifted it to you on level 6 of the Lair of Beasts)
Jewellery
 d - the ring of Qoyzxy (right hand) {*Contam MR+ MP+9 Str+3 Slay+5}
   (You bought it in a shop on level 2 of the Orcish Mines)

   [ring of magical power]

   It affects your strength (+3).
   It affects your accuracy and damage with ranged weapons and melee attacks
   (+5).
   It affects your resistance to hostile enchantments.
   It affects your magic capacity (+9).
   It causes magical contamination when unequipped.
 C - the ring "Roluos" (left hand) {SustAt Int+5 SInv}
   (You found it on level 1 of the Swamp)

   [ring of sustain attributes]

   It sustains your strength, intelligence and dexterity.
   It affects your intelligence (+5).
   It lets you see invisible.
 X - a +6 amulet of reflection (around neck)
Wands
 j - a wand of slowing (48/48)
 l - a wand of teleportation (8/9)
 D - a wand of acid (15/15)
 E - a wand of flame (48/48)
 L - a wand of lightning (15/15)
 N - a wand of digging (24/24)
 R - a wand of paralysis (24/24)
 Z - a wand of iceblast (15/15)
Scrolls
 n - 13 scrolls of identify
 B - 6 scrolls of magic mapping
 P - 6 scrolls of fear
 T - 2 scrolls of fog
 V - a scroll of blinking
Potions
 e - 12 potions of curing
 i - 9 potions of flight
 k - 2 potions of cure mutation
 o - 3 potions of resistance
 p - 5 potions of cancellation
 q - 33 potions of magic
 t - a potion of heal wounds
 x - 2 potions of invisibility
 z - 3 potions of berserk rage
 G - 5 potions of haste
 M - 5 potions of might
 S - 3 potions of ambrosia
 W - a potion of agility
Miscellaneous
 c - a sack of spiders {used: 1}
 r - a lamp of fire
 v - a fan of gales
 y - a lamp of fire
 A - a phial of floods
 I - a stone of tremors
Comestibles
 f - 15 bread rations
 Q - a beef jerky


   Skills:
 + Level 15.2 Fighting
 - Level 18.0 Axes
 + Level 13.0 Armour
 - Level 15.0 Shields
 + Level 12.6 Unarmed Combat
 + Level 14.2 Evocations


You had 17 spell levels left.
You knew the following spells:

 Your Spells              Type           Power        Failure   Level  Hunger
a - Summon Butterflies    Summ           #.......     100%        1    ##.....
b - Apportation           Tloc           #.........   100%        1    ##.....


Dungeon Overview and Level Annotations

Branches:
Dungeon (15/15)            Temple (1/1) D:7            Lair (8/8) D:8
  Swamp (4/4) Lair:4       Spider (4/4) Lair:4        Slime (0/6) Lair:7
    Orc (2/2) D:9             Elf (0/3) Orc:2        Vaults (5/5) D:13
  Crypt (0/3) Vaults:2     Depths (0/5) D:15

Altars:
Ashenzari
Cheibriados
Dithmenos
Elyvilon
Fedhas
Gozag
Kikubaaqudgha
Makhleb
Nemelex Xobeh
Okawaru
Pakellas
Qazlal
Ru
Sif Muna
Trog
Vehumet
Xom
Yredelemnul
Zin
The Shining One

Shops:
D:10 :   D:12 }   Orc:2 *[%}*   Vaults:4 ([

Portals:
Pandemonium: Orc:2
Trove: Vaults:2 (give +4 shadow dragon armour)


Innate Abilities, Weirdness & Mutations

You have hooves in place of feet.
You are completely covered in icy blue scales (AC +4, EV -1, rC+).
A powerful demonic guardian rushes to your aid.
Your flesh is very heat resistant.
You can hurl damnation.
You regenerate health from kills.
You are immune to clouds of flame.
You have very sharp fingernails.
Scrolls take you a little longer to read.
You are somewhat resistant to further mutation.
You passively map a small area around you.
You occasionally shout uncontrollably at your foes.
You are covered in fur (AC +1).
Your muscles are strong. (Str +2)


Message History

The storm dragon claws you but does no damage.
You block the storm dragon's attack.
The vault sentinel hits you but does no damage.
Read which item? (? for menu, Esc to quit)
Really read with blurry vision while enemies are nearby? [Y]es or [N]o only, please.
Really read with blurry vision while enemies are nearby? [Y]es or [N]o only, please.
Really read with blurry vision while enemies are nearby?
Okay, then.
Drink which item? (? for menu, Esc to quit)
You feel much better.
The stone giant burns!
The ancient lich touches you but does no damage.
You block the stone giant's attack. The storm dragon bites you!
* * * LOW HITPOINT WARNING * * *
You block the storm dragon's attack. The storm dragon tramples you!
* * * LOW HITPOINT WARNING * * *
You hold your ground!
The golden dragon bites you!!!
You die...
Pakellas says: Time to start the next experiment...

.................................
...................(.............
.................................
..............................)..
###....###########'##########....
#....# ##..[[[## #.))) #....#
##.....).## #...) #....#
##..([[D...## #.... #....#
#....p@C=...# #.... #....#
##...LD(...## #.... #....#
##.2.....## #.... #....#
##.....## #.... #....#
#####'####### #....
#....###########^..#...# #....
#....#.........#..8#8..# #....
#....#.........#...'...# #....
#....#.........'...'...# #....


You could see a golden dragon, an ancient lich, a storm dragon, a stone giant
(burning), a vault sentinel and a friendly balrug.

Vanquished Creatures
  Mara (Vaults:2)
  Rupert (Lair:7)
  A tentacled monstrosity (Vaults:4)
  2 storm dragons (Vaults:4)
  6 thorn hunters
  Frances (Swamp:1)
  A sphinx (Vaults:1)
  Agnes (Spider:3)
  A fire giant (D:15)
  Donald (Spider:1)
  An iron dragon (Vaults:4)
  2 frost giants
  10 vault wardens
  3 ghost moths
  2 deep elf sorcerers
  7 emperor scorpions (Spider:4)
  2 stone giants
  3 very ugly things
  12 ironheart preservers
  A deep elf annihilator (Vaults:4)
  A deep elf demonologist (Vaults:4)
  2 spark wasps
  An ettin (Vaults:4)
  A deep elf death mage (Vaults:3)
  A minotaur (Lab)
  3 fire dragons
  28 vault guards
  4 yaktaur captains
  The ghost of kelbaugc the Blocker, a journeyman DDFi of Gozag (D:10)
  2 ice dragons (Vaults:1)
  2 entropy weavers
  4 great orbs of eyes
  23 hydras
  A catoblepas (Lair:8)
  A rakshasa (Vaults:1)
  4 centaur warriors
  3 ogre magi
  3 ghost crabs
  2 death knights
  10 death yaks
  7 alligators
  5 orc high priests (Orc:2)
  A dancing weapon (Vaults:4)
  A spriggan berserker (Swamp:4)
  A tengu warrior (D:15)
  Urug (D:15)
  7 deep elf knights
  A spriggan (Swamp:1)
  A hell knight (Vaults:4)
  16 swamp dragons
  The ghost of knot the Cutter, a novice DsAs of Makhleb (D:9)
  A flayed ghost (Vaults:4)
  A small abomination (Vaults:3)
  3 unseen horrors
  2 gelid demonspawn (Orc:2)
  A deep troll (shapeshifter) (Vaults:4)
  2 giant orange brains
  9 deep trolls
  4 phantasmal warriors
  7 harpies (Vaults:1)
  12 ironbrand convokers
  4 necromancers
  8 hill giants
  25 wolf spiders
  5 shambling mangroves
  8 deep elf archers
  A torturous demonspawn (Orc:2)
  20 ugly things
  15 orb spiders
  7 griffons
  A manticore (D:14)
  2 oklob plants (Swamp:3)
  9 orc sorcerers
  A shining eye (shapeshifter) (Vaults:4)
  21 deep elf magi
  11 orc knights
  5 cyclopes
  A faun (shapeshifter) (Vaults:4)
  A sixfirhy (Orc:2)
  5 hornets
  2 moths of wrath
  2 centaur zombies
  3 black mambas
  Psyche (D:10)
  9 elephants
  18 spiny frogs
  5 torpor snails
  9 vault sentinels
  3 rime drakes
  An efreet (D:15)
  28 yaktaurs
  6 freezing wraiths
  13 demonic crawlers
  A hellwing (Orc:2)
  A troll (shapeshifter) (Vaults:4)
  5 komodo dragons
  2 kobold demonologists (D:15)
  A human skeleton (Vaults:2)
  15 polar bears
  A queen bee (D:9)
  3 giant leeches
  8 trolls
  35 jumping spiders
  Prince Ribbit (D:8)
  2 boulder beetles
  8 bog bodies
  44 slime creatures
  6 two-headed ogres
  20 blink frogs
  A harpy skeleton (D:15)
  A frost giant simulacrum (Vaults:3)
  2 shadows
  48 redbacks
  A yak (shapeshifter) (Vaults:3)
  19 tarantellas
  4 wraiths
  3 wyverns
  55 yaks
  A vampire (D:14)
  9 hippogriffs
  2 basilisks
  2 elf zombies
  A chaos spawn (Orc:2)
  28 vampire mosquitoes
  4 hungry ghosts
  3 wargs
  A human zombie (Vaults:2)
  4 mottled dragons
  4 insubstantial wisps (Swamp:1)
  23 swamp worms
  5 porcupines
  A deep troll skeleton (Vaults:2)
  8 water moccasins
  34 orc warriors
  10 swamp drakes
  3 ice beasts
  2 orc zombies (Vaults:2)
  14 wasps
  A black bear (Lair:1)
  A necrophage (D:8)
  2 sky beasts
  A phantom (D:11)
  3 eyes of draining
  An ettin simulacrum (Vaults:1)
  10 centaurs
  20 wolves
  15 ogres
  9 crocodiles
  Blork the orc (D:4)
  4 big kobolds
  14 giant frogs
  A gnoll sergeant (Orc:2)
  A yaktaur skeleton (Vaults:1)
  3 scorpions
  2 wyvern skeletons
  17 killer bees (D:9)
  A human simulacrum (Vaults:1)
  3 wights (D:15)
  2 howler monkeys (D:14)
  2 electric eels (Spider:2)
  9 crimson imps
  A lava snake (Lair:6)
  3 giant frog zombies
  7 hounds
  2 quasits
  5 jellies
  26 orc priests
  20 orc wizards
  A giant frog skeleton (D:5)
  Crazy Yiuf (D:6)
  2 centaur skeletons
  Jessica (D:2)
  4 iguanas
  10 worker ants
  28 sheep
  2 hound skeletons
  20 adders
  14 gnolls
  A howler monkey skeleton (D:6)
  31 river rats
  A shadow imp (D:8)
  14 white imps
  6 oozes
  2 adder zombies
  20 worms
  8 dart slugs
  5 giant geckos
  91 orcs
  10 bats
  6 giant cockroaches
  10 goblins
  10 hobgoblins
  12 jackals
  3 quokkas
  9 ball pythons
  A ball python zombie (D:6)
  A giant gecko skeleton (D:5)
  4 giant newts
  14 kobolds
  2 quokka skeletons
  7 rats
  4 briar patches (Swamp:3)
  A crawling corpse (Vaults:3)
  11 fungi
  6 plants
1496 creatures vanquished.

Vanquished Creatures (collateral kills)
  A thorn hunter (Swamp:3)
  A deep elf sorcerer (Vaults:4)
  A vault warden (Vaults:4)
  A frost giant (IceCv)
  Aizul (Swamp:4)
  2 ironheart preservers
  3 very ugly things
  5 hydras
  A yaktaur captain (Vaults:3)
  An ogre mage (Vaults:3)
  A centaur warrior (Vaults:1)
  A ghost crab (Swamp:1)
  2 catoblepae (Lair:8)
  A death knight (Vaults:4)
  A tengu warrior (D:15)
  An alligator (Swamp:4)
  3 death yaks
  A deep elf knight (Vaults:4)
  2 orc high priests (Orc:2)
  A swamp dragon (Swamp:1)
  2 deep trolls (Vaults:4)
  A shambling mangrove (Swamp:3)
  2 deep elf archers
  The ghost of arikggd the Covered, a novice MiBe of Trog (D:8)
  2 deep elf magi
  3 ironbrand convokers
  A hill giant (D:15)
  3 wolf spiders (Spider:4)
  2 orb spiders
  2 hornets
  6 ugly things
  17 elephants
  A salamander (shapeshifter) (Vaults:3)
  A stone giant skeleton (Vaults:5)
  An ice statue (IceCv)
  2 torpor snails (Lair:5)
  2 centaur skeletons (D:10)
  5 spiny frogs
  2 demonic crawlers
  A yaktaur (Vaults:2)
  A jumping spider (Spider:4)
  2 polar bears (IceCv)
  2 two-headed ogres (Vaults:4)
  4 blink frogs
  A tengu simulacrum (Vaults:5)
  3 redbacks (Spider:4)
  A shadow (Swamp:4)
  19 yaks
  A tarantella (Spider:4)
  2 vampire mosquitoes (Swamp:2)
  The ghost of Mekire the Changer, an amateur DrTm (D:4)
  2 water moccasins
  A porcupine (Lair:2)
  An ice beast (D:10)
  2 swamp drakes (Swamp:4)
  2 orc warriors
  4 ogres
  A wasp (Swamp:3)
  8 wolves
  3 centaurs
  4 crocodiles
  A giant frog (D:8)
  6 killer bees (D:9)
  3 howler monkeys
  2 crimson imps
  2 orc priests (Orc:2)
  2 iguanas
  2 orc wizards
  8 sheep
  3 river rats (Lair:1)
  5 orcs
187 creatures vanquished.

Vanquished Creatures (others)
  A yaktaur captain (Vaults:2)
  A deep elf archer (Vaults:4)
  A necromancer (Vaults:4)
  A cyclops (Vaults:2)
  4 yaktaurs
  2 yaks (IceCv)
  An orc warrior (Orc:2)
  3 wolves (IceCv)
  A wasp (Swamp:2)
  A centaur (D:10)
  An orc wizard (D:7)
  A kobold (D:14)
  6 briar patches (Swamp:3)
  24 fungi
  10 plants
58 creatures vanquished.

Grand Total: 1741 creatures vanquished

Notes
Turn   | Place    | Note
--------------------------------------------------------------
     0 | D:1      | Lindis the Demonspawn Fighter began the quest for the Orb.
     0 | D:1      | Reached XP level 1. HP: 18/18 MP: 1/1
   105 | D:1      | Gained mutation: A weak demonic guardian rushes to your aid. [demonic ancestry]
   105 | D:1      | Reached XP level 2. HP: 21/24 MP: 2/2
   357 | D:1      | Gained mutation: You regenerate a little health from kills. [demonic ancestry]
   357 | D:1      | Reached XP level 3. HP: 23/30 MP: 3/3
   774 | D:2      | Found a faded altar to an unknown god.
   793 | D:2      | Reached skill level 5 in Fighting
   793 | D:2      | Gained mutation: A demonic guardian rushes to your aid. [demonic ancestry]
   793 | D:2      | Reached XP level 4. HP: 39/39 MP: 4/4
   796 | D:2      | Noticed Jessica
   801 | D:2      | Killed Jessica
  1638 | D:3      | Gained mutation: You are partially covered in icy blue scales (AC +1). [demonic ancestry]
  1638 | D:3      | Reached XP level 5. HP: 46/46 MP: 5/5
  1662 | D:3      | Found an opulent altar of Gozag.
  1662 | D:3      | Found a deep blue altar of Sif Muna.
  1662 | D:3      | Found a glowing silver altar of Zin.
  2209 | D:4      | Noticed Mekire's ghost (amateur DrTm)
  2216 | D:4      | Killed Mekire's ghost
  2216 | D:4      | Reached XP level 6. HP: 49/53 MP: 6/6
  2227 | D:4      | Reached skill level 2 in Axes
  2343 | D:4      | Noticed Blork the orc
  2356 | D:4      | Killed Blork the orc
  2356 | D:4      | Reached skill level 3 in Axes
  2465 | D:4      | Found a glowing drain.
  2485 | Sewer    | Entered a sewer
  2670 | Sewer    | Gained mutation: You are mostly covered in icy blue scales (AC +3, EV -1). [demonic ancestry]
  2670 | Sewer    | Reached XP level 7. HP: 57/60 MP: 7/7
  2699 | Sewer    | Reached skill level 4 in Axes
  3419 | D:5      | Entered Level 5 of the Dungeon
  3420 | D:5      | Upgraded the game from 0.18-a0-1704-g762f1eb to 0.18-a0-1718-g40ea4b6
  3443 | D:5      | Found a shattered altar of Ashenzari.
  3478 | D:5      | Reached skill level 5 in Axes
  3553 | D:5      | Found a glowing silver altar of Zin.
  3632 | D:5      | Reached skill level 6 in Axes
  3901 | D:5      | Gained mutation: You have large cloven feet. [demonic ancestry]
  3901 | D:5      | Reached XP level 8. HP: 62/67 MP: 8/8
  4160 | D:6      | Reached skill level 7 in Axes
  4248 | D:6      | Gained mutation: You have sharp fingernails. [mutagenic meat]
  4249 | D:6      | Gained mutation: Your muscles are strong. (Str +2) [mutagenic meat]
  4250 | D:6      | Gained mutation: Your flesh is heat resistant. [mutagenic meat]
  4251 | D:6      | Gained mutation: You have very sharp fingernails. [mutagenic meat]
  4298 | D:6      | Found a basalt altar of Yredelemnul.
  4337 | D:6      | Reached skill level 8 in Axes
  4473 | D:6      | Found an ancient bone altar of Kikubaaqudgha.
  4542 | D:6      | Noticed Crazy Yiuf
  4546 | D:6      | Killed Crazy Yiuf
  4729 | D:7      | Reached skill level 9 in Axes
  4923 | D:7      | Gained mutation: You regenerate health from kills. [demonic ancestry]
  4923 | D:7      | Reached XP level 9. HP: 51/72 MP: 9/9
  4964 | D:7      | Found a glowing golden altar of the Shining One.
  5163 | D:7      | Found a staircase to the Ecumenical Temple.
  5169 | Temple   | Entered the Ecumenical Temple
  5236 | Temple   | Became a worshipper of Pakellas the Inventive
  5544 | D:8      | Found a stormy altar of Qazlal.
  5584 | D:8      | Noticed arikggd's ghost (novice MiBe)
  5607 | D:8      | Killed arikggd's ghost
  5655 | D:8      | Noticed a spiny frog
  5655 | D:8      | Noticed a spiny frog
  5661 | D:8      | Killed a spiny frog
  5661 | D:8      | Reached skill level 10 in Axes
  5675 | D:8      | Killed a spiny frog
  5713 | D:8      | Found a staircase to the Lair.
  5726 | D:8      | Reached skill level 11 in Axes
  5731 | D:8      | Noticed Prince Ribbit
  5859 | D:8      | You fall through a shaft!
  5868 | D:9      | Reached * piety under Pakellas
  6030 | D:9      | Noticed knot's ghost (novice DsAs)
  6053 | D:9      | Killed knot's ghost
  6053 | D:9      | Reached XP level 10. HP: 62/79 MP: 7/10
  6309 | D:9      | Reached skill level 12 in Axes
  6388 | D:9      | Reached ** piety under Pakellas
  6388 | D:9      | Received a gift from Pakellas
  6595 | D:9      | Found a staircase to the Orcish Mines.
  6689 | D:9      | Found a burning altar of Makhleb.
  6721 | D:9      | Reached *** piety under Pakellas
  6731 | D:9      | Found a snail-covered altar of Cheibriados.
  7004 | D:10     | Entered Level 10 of the Dungeon
  7004 | D:10     | Noticed kelbaugc's ghost (journeyman DDFi)
  7040 | D:10     | Killed kelbaugc's ghost
  7040 | D:10     | Reached skill level 13 in Axes
  7200 | D:10     | Found Caoqoleu's Book Boutique.
  7323 | D:10     | Noticed Psyche
  7329 | D:10     | Noticed a hill giant
  7496 | Lair:1   | Entered Level 1 of the Lair of Beasts
  7574 | Lair:1   | Reached skill level 14 in Axes
  7575 | Lair:1   | Gained mutation: You are completely covered in icy blue scales (AC +4, EV -1, rC+). [demonic ancestry]
  7575 | Lair:1   | Reached XP level 11. HP: 84/84 MP: 11/11
  7579 | Lair:1   | Reached **** piety under Pakellas
  7579 | Lair:1   | Received a gift from Pakellas
  7863 | Lair:1   | Found a frozen archway.
  7898 | IceCv    | Entered an ice cave
  7902 | IceCv    | Reached ***** piety under Pakellas
  8082 | IceCv    | Reached skill level 15 in Axes
  8341 | IceCv    | Noticed a death yak
  8359 | IceCv    | Killed a death yak
  8602 | IceCv    | Noticed a frost giant
  8608 | IceCv    | Reached skill level 16 in Axes
  8614 | IceCv    | Killed a frost giant
  8614 | IceCv    | Reached XP level 12. HP: 91/91 MP: 12/12
  9386 | Lair:1   | Got a dazzling scale mail
  9397 | Lair:1   | Identified the +5 scale mail of the Furies {rF++ rN+ Str+4 Stlth-} (You found it on level 1 of the Lair of Beasts)
  9762 | Lair:2   | Noticed a seven-headed hydra
  9765 | Lair:2   | Killed a seven-headed hydra
  9848 | Lair:2   | Upgraded the game from 0.18-a0-1718-g40ea4b6 to 0.18-a0-1747-g18c4181
 10073 | Lair:2   | Reached ****** piety under Pakellas
 10116 | Lair:2   | Reached skill level 17 in Axes
 10127 | Lair:2   | Reached skill level 1 in Evocations
 11278 | Lair:3   | Gained mutation: You are somewhat resistant to further mutation. [potion of mutation]
 11385 | Lair:4   | Got a pitted lead ring
 11524 | Lair:4   | Reached skill level 5 in Shields
 11543 | Lair:4   | Found a hole to the Spider Nest.
 11586 | Lair:4   | Identified the ring of Lehudor {*Confuse rPois rF+ AC+3} (You found it on level 4 of the Lair of Beasts)
 11796 | Lair:4   | Found a staircase to the Swamp.
 12276 | Lair:5   | Gained mutation: You have hoof-like feet. [demonic ancestry]
 12276 | Lair:5   | Reached XP level 13. HP: 81/96 MP: 11/16
 12279 | Lair:5   | Learned a level 1 spell: Summon Butterflies
 12281 | Lair:5   | Learned a level 1 spell: Apportation
 13002 | Lair:6   | Received a gift from Pakellas
 13716 | Lair:7   | Noticed Rupert
 13737 | Lair:7   | Killed Rupert
 13866 | Lair:7   | Reached skill level 10 in Shields
 14200 | Lair:7   | Found a staircase to the Slime Pits.
 14202 | Lair:7   | Gained mutation: You passively map a small area around you. [potion of mutation]
 14475 | Lair:8   | Entered Level 8 of the Lair of Beasts
 14653 | Lair:8   | Found a labyrinth entrance.
 14662 | Lab      | Entered a labyrinth
 15306 | Lab      | Noticed a minotaur
 15320 | Lab      | Killed a minotaur
 15322 | Lab      | Got a faintly glowing scale mail
 15333 | Lab      | Identified Lonk's Sophisticated Secret Knowledge
 15369 | Lab      | Identified the +1 scale mail "Sung" {-Tele rF+ Regen+ Int+6} (You took it off a minotaur in a labyrinth)
 15745 | Lair:8   | Gained mutation: You have hooves in place of feet. [demonic ancestry]
 15745 | Lair:8   | Reached XP level 14. HP: 103/103 MP: 17/17
 16819 | Orc:1    | Entered Level 1 of the Orcish Mines
 16843 | Orc:1    | Gained mutation: You are covered in fur (AC +1). [a neqoxec]
 16846 | Orc:1    | Gained mutation: You occasionally shout uncontrollably at your foes. [a neqoxec]
 17111 | Orc:1    | Paralysed by an orc sorcerer for 4 turns
 17391 | Orc:2    | Entered Level 2 of the Orcish Mines
 17517 | Orc:2    | Found Qiczi's General Store.
 17792 | Orc:2    | Found a staircase to the Elven Halls.
 17865 | Orc:2    | Found Nenudun's General Store.
 17901 | Orc:2    | Found Puoshroot's Food Emporium.
 18250 | Orc:2    | Paralysed by an orc sorcerer for 3 turns
 18387 | Orc:2    | Found Kuich's Antique Armour Boutique.
 18387 | Orc:2    | Found Liolunt's Gadget Shop.
 18387 | Orc:2    | Found a one-way gate leading to the halls of Pandemonium.
 18569 | Orc:2    | Bought the ring of Qoyzxy {*Contam MR+ MP+9 Str+3 Slay+5} for 814 gold pieces
 18792 | D:10     | Killed Psyche
 18792 | D:10     | Received a gift from Pakellas
 18878 | D:10     | Reached skill level 15 in Shields
 19170 | D:11     | Reached skill level 5 in Evocations
 19477 | D:11     | Found a stormy altar of Qazlal.
 19652 | D:12     | Found Koihe's Gadget Emporium.
 19659 | D:12     | Bought a -1 iron rod (10/10) for 1050 gold pieces
 19873 | D:12     | Reached XP level 15. HP: 108/108 MP: 18/18
 20089 | D:12     | Reached skill level 1 in Unarmed Combat
 20661 | D:13     | Found a bloodstained altar of Trog.
 20810 | D:13     | Found a gate to the Vaults.
 21885 | D:15     | Entered Level 15 of the Dungeon
 21908 | D:15     | Found a burning altar of Makhleb.
 21983 | D:15     | Reached skill level 5 in Armour
 22046 | D:15     | Found a staircase to the Depths.
 22046 | D:15     | Noticed a fire giant
 22047 | D:15     | Noticed Urug
 22070 | D:15     | Killed Urug
 22084 | D:15     | Killed a fire giant
 23080 | Swamp:1  | Entered Level 1 of the Swamp
 23117 | Swamp:1  | Reached skill level 5 in Unarmed Combat
 23202 | Swamp:1  | Noticed Frances
 23223 | Swamp:1  | Killed Frances
 23306 | Swamp:1  | Got a wavering pewter ring
 23316 | Swamp:1  | Identified the ring "Roluos" {SustAt Int+5 SInv} (You found it on level 1 of the Swamp)
 23441 | Swamp:1  | Found an oddly glowing altar of Pakellas.
 23562 | Swamp:1  | Gained mutation: A powerful demonic guardian rushes to your aid. [demonic ancestry]
 23562 | Swamp:1  | Reached XP level 16. HP: 119/120 MP: 21/21
 23799 | Swamp:2  | Noticed a thorn hunter
 23806 | Swamp:2  | Killed a thorn hunter
 24155 | Swamp:2  | Received a gift from Pakellas
 24389 | Swamp:2  | Noticed a thorn hunter
 24400 | Swamp:2  | Killed a thorn hunter
 24875 | Swamp:3  | Noticed a thorn hunter
 24882 | Swamp:3  | Killed a thorn hunter
 24901 | Swamp:3  | Reached skill level 10 in Fighting
 24939 | Swamp:3  | Noticed a thorn hunter
 24949 | Swamp:3  | Killed a thorn hunter
 24951 | Swamp:3  | Noticed a thorn hunter
 24964 | Swamp:3  | Noticed a thorn hunter
 24968 | Swamp:3  | Killed a thorn hunter
 24980 | Swamp:3  | HP: 4/122 [thorn hunter (15)]
 24989 | Swamp:3  | Killed a thorn hunter
 25686 | Swamp:4  | Entered Level 4 of the Swamp
 26129 | Swamp:4  | Reached XP level 17. HP: 124/130 MP: 13/24
 26178 | Swamp:4  | Got a decaying rune of Zot
 26325 | Swamp:4  | Noticed Aizul
 26338 | Swamp:4  | Killed Aizul
 26347 | Swamp:4  | Identified a +10 iron rod (18/18) (supercharged by Pakellas)
 26392 | Swamp:4  | Got a slimy long sword
 26393 | Swamp:4  | Identified the +4 long sword of Busorece {freeze, rPois rC+ Stlth+} (You found it on level 4 of the Swamp)
 26579 | Spider:1 | Entered Level 1 of the Spider Nest
 26732 | Spider:1 | Reached skill level 10 in Evocations
 27113 | Spider:1 | Noticed Donald
 27128 | Spider:1 | Killed Donald
 27815 | Spider:2 | Received a gift from Pakellas
 27842 | Spider:2 | Got an encrusted scale mail
 27853 | Spider:2 | Identified the +0 scale mail "Musydgh" {Stlth+} (You found it on level 2 of the Spider Nest)
 28474 | Spider:3 | Noticed Agnes
 28485 | Spider:3 | Killed Agnes
 28620 | Spider:3 | Got a smoking arbalest
 28632 | Spider:3 | Identified the +7 arbalest of the Original Sin {freeze, rC- rN+ Int+5} (You found it on level 3 of the Spider Nest)
 28811 | Spider:4 | Entered Level 4 of the Spider Nest
 29051 | Spider:4 | Gained mutation: Your flesh is very heat resistant. [demonic ancestry]
 29051 | Spider:4 | Reached XP level 18. HP: 140/140 MP: 0/26
 29138 | Spider:4 | Got a gossamer rune of Zot
 29507 | Spider:4 | Reached skill level 10 in Armour
 29706 | D:8      | Killed Prince Ribbit
 30497 | Vaults:1 | Entered Level 1 of the Vaults
 30602 | Vaults:1 | Reached skill level 18 in Axes
 31242 | Vaults:1 | Received a gift from Pakellas
 31242 | Vaults:1 | Reached skill level 10 in Unarmed Combat
 31547 | Vaults:2 | Noticed Mara
 31553 | Vaults:2 | Noticed Lindis's illusion
 31557 | Vaults:2 | Killed Mara
 31665 | Vaults:2 | Found a staircase to the Crypt.
 31665 | Vaults:2 | Found a basalt altar of Yredelemnul.
 31665 | Vaults:2 | Found an ancient bone altar of Kikubaaqudgha.
 31949 | Vaults:2 | Found a portal to a secret trove of treasure.
 32201 | Vaults:2 | Gained mutation: You are immune to clouds of flame. [demonic ancestry]
 32201 | Vaults:2 | Reached XP level 19. HP: 149/149 MP: 28/28
 34086 | Vaults:4 | Received a gift from Pakellas
 34247 | Vaults:4 | Gained mutation: You can hurl damnation. [demonic ancestry]
 34247 | Vaults:4 | Reached XP level 20. HP: 149/160 MP: 30/30
 34329 | Vaults:4 | Found Gozag's Antique Weapon Shoppe.
 34372 | Vaults:4 | Gained mutation: Scrolls take you a little longer to read. [a shining eye]
 34376 | Vaults:4 | Found an opulent altar of Gozag.
 34376 | Vaults:4 | Found Gozag's Antique Armour Shoppe.
 34402 | Vaults:4 | Found Gozag's Antique Armour Emporium.
 35293 | Vaults:5 | Entered Level 5 of the Vaults
 35326 | Vaults:4 | Reached skill level 15 in Fighting
 35332 | Vaults:5 | Noticed an ancient lich
 35378 | Vaults:5 | Noticed a golden dragon
 35446 | Vaults:4 | Demolished by a golden dragon

Vault maps used:
D:1:      minmay_arrival_hallway, minmay_shallow_snake_nest
D:2:      ecumenical_altar_1, uniq_jessica
D:3:      gammafunk_temple_overflow_forgotten
D:4:      portal_sewer_entry_b, minmay_goblin_kobold_house, uniq_blork_the_orc
D:5:      basic_altar, first_bread, ashenzari_altar_1
D:6:      old_standard_altar, kennysheep_little_box, uniq_crazy_yiuf_cottage
D:7:      overflow_temple_1_default, minmay_temple_entry_hall
D:8:      minmay_goldmine, kennysheep_mini_moat, dpeg_lair_monsters,
          uniq_prince_ribbit1
D:9:      overflow_temple_1_default, hiddenorc1_lemuel, david_nohive_1,
          cheibriados_altar_wand_db
D:10:     serial_shops, shop, uniq_psyche
D:11:     serial_glass, glass_columns_a, glass_columns_b,
          nicolae_qazlal_general_emergency
D:12:     serial_shops, nicolae_shop_waterfront
D:13:     david_vaults_5, basic_altar
D:14:     hangedman_abyss_or_decor_stabs
D:15:     grunt_enter_depths_giant_problem, basic_altar, uniq_urug
Temple:   triangle_lava_temple_12
Lair:1:   portal_ice_cave_entry_imps, hibernation_bobbens, lemuel_fruit_fields
Lair:2:   grunt_megastairs_5
Lair:3:   lemuel_fruit_tree
Lair:4:   minmay_swamp_entry_worms, nicolae_spider_entry_orb_guardian,
          lemuel_fruit_fields, infiniplex_staircase_pool
Lair:7:   slime_dummy, uniq_rupert
Lair:8:   evilmike_catoblepas_cave, lab_entry_generic
Swamp:1:  basic_altar, swamp_pool1, st_swamp_mini, uniq_frances
Swamp:2:  evilmike_swamp_ruin_house_5
Swamp:3:  nicolae_swamp_phyte_club, evilmike_swamp_ruin_house_2
Swamp:4:  swamp_basic_johnstein, uniq_aizul
Spider:1: uniq_donald
Spider:3: uniq_agnes
Spider:4: grunt_spider_rune_circles, worms_lemuel
Orc:2:    pf_orc_diabolical, serial_shops, shop
Vaults:1: vaults_room_grunt_arrival_ludios, v_misc_17, vaults_room_pools,
          ontoclasm_vaults_decontamination, vaults_dpeg_encased_lava,
          nicolae_vaults_c_with_doors, v_misc_12, vaults_room_door_ring,
          dpeg_vaults_monster_row, vaults_room_grid
Vaults:2: minmay_crypt_entry_necro_gods, hangedman_vaults_nodes,
          hangedman_vaults_nails, v_misc_13, ontoclasm_vaults_loading_screen,
          hangedman_vaults_variations, v_pattern_4, nicolae_vaults_angled_halls,
          v_misc_18, nicolae_trove_entry_crossroad, uniq_mara
Vaults:3: ontoclasm_vaults_misaligned, hangedman_vaults_unwind,
          grunt_vaults_hallway_long, v_alt_pattern_5, v_alt_pattern_6,
          v_misc_16, serial_ice_b, hangedman_vaults_river_flow, v_alt_pattern_4,
          nicolae_vaults_three_branches, nicolae_vaults_theta,
          ontoclasm_vaults_chip, vaults_room_hallway
Vaults:4: vaults_mumra_lcd, kennysheep_vaults_gozag_temple, vaults_mumra_hex,
          nicolae_vaults_little_squares_2, ontoclasm_vaults_claustrophobia,
          dpeg_vaults_monster_box, hangedman_vaults_maws,
          vaults_room_semicircle, vaults_room_door_hall,
          ontoclasm_vaults_gateway
Vaults:5: serial_shops
Lab:      labyrinth_spiral, lab_statue
Sewer:    sewer_co_tree
IceCv:    ice_cave_caverns_02

Skill      XL: |  1  2  3  4  5  6  7  8  9 10 11 12 13 14 15 16 17 18 19 20 |
---------------+-------------------------------------------------------------+-----
Fighting       | 4 5 6 7 9 10 12 13 14 15 | 15.2
Axes           | 3 6 9 11 14 16 17 18 | 18.0
Evocations     | 4 5 7 9 10 12 13 14 | 14.2
Shields        | 6 11 15 | 15.0
Armour         | 3 6 8 9 11 12 13 | 13.0
Unarmed Combat | 5 7 9 10 11 12 | 12.6

Action                   |  1- 3 |  4- 6 |  7- 9 | 10-12 | 13-15 | 16-18 | 19-21 || total
-------------------------+-------+-------+-------+-------+-------+-------+-------++-------
Melee: War axe           |   114 |   250 |   516 |  1051 |  1493 |   888 |       ||  4312
       Hand axe          |       |       |       |       |     1 |       |       ||     1
       Kick              |       |       |       |       |   361 |   624 |   259 ||  1244
       Broad axe         |       |       |       |       |       |   657 |   654 ||  1311
Throw: Stone             |     1 |     1 |     4 |       |       |       |       ||     6
       Tomahawk          |       |       |     6 |     3 |     3 |       |       ||    12
       Javelin           |       |       |       |       |       |     4 |       ||     4
Invok: Quick Charge      |       |       |       |     1 |    11 |    10 |       ||    22
       Device Surge      |       |       |       |       |     1 |       |     1 ||     2
       Supercharge       |       |       |       |       |       |     1 |       ||     1
 Abil: Damnation         |       |       |       |       |       |       |     2 ||     2
Evoke: Club              |       |       |     4 |     2 |    17 |       |     1 ||    24
       Whip              |       |       |       |       |    19 |    19 |     7 ||    45
       Lamp of fire      |       |       |       |       |     1 |       |       ||     1
       Fan of gales      |       |       |       |       |     1 |       |       ||     1
       Sack of spiders   |       |       |       |       |       |       |     1 ||     1
       Phantom mirror    |       |       |       |       |       |       |     1 ||     1
  Use: Scroll            |       |     7 |    10 |    10 |    19 |     7 |     6 ||    59
       Potion            |       |       |       |     4 |     8 |     4 |     1 ||    17
 Stab: Distracted        |       |       |       |     4 |     3 |     3 |     2 ||    12
       Paralysed         |       |       |       |     2 |       |       |       ||     2
  Eat: Chunk             |       |     7 |     7 |       |       |     4 |     6 ||    24
       Fruit             |       |       |     8 |     5 |    15 |     4 |       ||    32
       Beef jerky        |       |       |     2 |     2 |     2 |     4 |       ||    10
       Pizza             |       |       |     1 |       |     1 |     3 |     1 ||     6
       Royal jelly       |       |       |       |     5 |     4 |     2 |       ||    11
       Meat ration       |       |       |       |     2 |     3 |     2 |       ||     7
       Bread ration      |       |       |       |       |     1 |     2 |     2 ||     5
Armor: Scale mail        |       |       |       |   101 |   130 |       |       ||   231
       Gold dragon armou |       |       |       |       |   457 |   847 |   281 ||  1585
       Skin              |       |       |       |       |    15 |       |       ||    15
Dodge: Dodged            |       |       |       |    47 |   108 |   165 |    70 ||   390
Block: Shield            |       |       |       |   173 |   943 |  1445 |   580 ||  3141
       Reflected         |       |       |       |       |    33 |    37 |    53 ||   123
